[ PARTIDA AOE2 · #504701740 ]
UnrankedEslavos vs Poles
Equipo del jugador · DERR
Equipo rival · VICT
[ ANÁLISIS DE REPETICIÓN · EXTRAÍDO DE LA PARTIDA GRABADA ]
Feudal
10:19
Castillos
23:54
Imperial
—
| APM promedio | 61.8 |
| APM pico | 99 |
| eAPM promedio | 38.7 |
| Aldeanos / militares | 58 / 52 |
Foco
⚔️ 33.2% · 🌾 66.8%
Spearman ×22 · Archer ×16 · Militia ×12 · Skirmisher ×2
Feudal
9:04
Castillos
27:10
Imperial
—
| APM promedio | 49.3 |
| APM pico | 95 |
| eAPM promedio | 17.5 |
| Aldeanos / militares | 64 / 50 |
Foco
⚔️ 30.1% · 🌾 69.9%
Scout Cavalry ×50
Mapa de la partida
Recursos iniciales + cada clic de construcción. Líneas = muros · curvas = relieve. ◆ oro · ⬟ piedra · ● bayas · ✦ reliquia · ◌ hueco del cierre
Tu base· Abierta — hueco de 4t
Base de Ch1cken· Abierta — hueco de 5t
Terreno inicial suavizado · ◌ = hueco del cierre detectado · pasá el cursor para detalles
Inputs por minuto
— lex - - Ch1cken
Build order — lex
Primeras 150 de 174 acciones detectadas
| 0:02 | Encolar | Villager (Male) |
| 0:02 | Encolar | Villager (Male) |
| 0:02 | Encolar | Villager (Male) |
| 0:02 | Encolar | Villager (Male) |
| 0:03 | Construir | House |
| 0:05 | Construir | House |
| 1:39 | Encolar | Villager (Male) |
| 1:39 | Encolar | Villager (Male) |
| 1:57 | Construir | Lumber Camp |
| 2:04 | Encolar | Villager (Male) |
| 2:04 | Encolar | Villager (Male) |
| 2:24 | Encolar | Villager (Male) |
| 2:24 | Encolar | Villager (Male) |
| 2:47 | Encolar | Villager (Male) |
| 2:47 | Encolar | Villager (Male) |
| 2:47 | Encolar | Villager (Male) |
| 3:15 | Encolar | Villager (Male) |
| 3:16 | Encolar | Villager (Male) |
| 3:16 | Encolar | Villager (Male) |
| 3:24 | Construir | House |
| 3:26 | Construir | House |
| 3:36 | Encolar | Villager (Male) |
| 3:37 | Encolar | Villager (Male) |
| 4:09 | Encolar | Villager (Male) |
| 4:09 | Encolar | Villager (Male) |
| 4:09 | Encolar | Villager (Male) |
| 4:18 | Construir | Mill |
| 4:32 | Encolar | Villager (Male) |
| 4:32 | Encolar | Villager (Male) |
| 4:32 | Encolar | Villager (Male) |
| 4:54 | Encolar | Villager (Male) |
| 5:19 | Encolar | Villager (Male) |
| 5:19 | Encolar | Villager (Male) |
| 5:45 | Encolar | Villager (Male) |
| 5:45 | Encolar | Villager (Male) |
| 5:55 | Encolar | Villager (Male) |
| 6:03 | Construir | Mill |
| 6:34 | Investigar | Loom |
| 7:00 | Construir | Mining Camp |
| 7:06 | Encolar | Villager (Male) |
| 7:22 | Construir | Palisade Wall |
| 7:30 | Encolar | Villager (Male) |
| 7:33 | Construir | Palisade Wall |
| 8:09 | Investigar | Feudal Age |
| 8:09 | Investigar | Feudal Age |
| 8:10 | Investigar | Feudal Age |
| 8:24 | Construir | Palisade Wall |
| 8:31 | Construir | Palisade Wall |
| 8:47 | Construir | Barracks |
| 8:51 | Encolar | Villager (Male) |
| 9:26 | Construir | Palisade Wall |
| 9:40 | Encolar | Militia |
| 9:40 | Encolar | Militia |
| 9:41 | Encolar | Militia |
| 9:41 | Encolar | Militia |
| 10:15 | Encolar | Villager (Male) |
| 10:19 | Edad | Edad Feudal |
| 10:22 | Investigar | Double-Bit Axe |
| 10:27 | Encolar | Spearman |
| 10:57 | Construir | Palisade Wall |
| 11:04 | Construir | Palisade Wall |
| 11:07 | Encolar | Villager (Male) |
| 11:10 | Investigar | Man-at-Arms (upgrade) |
| 11:24 | Construir | Archery Range |
| 11:31 | Encolar | Villager (Male) |
| 11:37 | Encolar | Villager (Male) |
| 12:05 | Encolar | Villager (Male) |
| 12:13 | Construir | House |
| 12:21 | Encolar | Archer |
| 12:22 | Encolar | Archer |
| 12:24 | Encolar | Militia |
| 12:29 | Construir | House |
| 12:31 | Construir | House |
| 12:36 | Encolar | Archer |
| 12:41 | Encolar | Villager (Male) |
| 12:49 | Encolar | Militia |
| 12:54 | Construir | Farm |
| 13:14 | Encolar | Villager (Male) |
| 13:27 | Encolar | Villager (Male) |
| 13:32 | Encolar | Spearman |
| 13:41 | Construir | Farm |
| 13:42 | Construir | Farm |
| 13:45 | Construir | Farm |
| 14:27 | Encolar | Villager (Male) |
| 14:27 | Encolar | Villager (Male) |
| 14:56 | Encolar | Villager (Male) |
| 14:59 | Construir | Farm |
| 15:03 | Construir | Farm |
| 15:04 | Construir | Farm |
| 15:05 | Encolar | Archer |
| 15:05 | Encolar | Archer |
| 15:13 | Encolar | Militia |
| 15:16 | Encolar | Spearman |
| 15:18 | Encolar | Villager (Male) |
| 15:20 | Construir | Farm |
| 15:22 | Construir | Farm |
| 15:33 | Construir | Blacksmith |
| 15:37 | Construir | House |
| 16:05 | Encolar | Villager (Male) |
| 16:09 | Construir | Farm |
| 16:12 | Investigar | Horse Collar |
| 16:22 | Investigar | Forging |
| 17:02 | Encolar | Villager (Male) |
| 17:25 | Encolar | Villager (Male) |
| 17:44 | Construir | Farm |
| 17:46 | Construir | Farm |
| 17:48 | Construir | Farm |
| 17:52 | Construir | Farm |
| 17:54 | Investigar | Wheelbarrow |
| 17:58 | Construir | Farm |
| 18:01 | Encolar | Spearman |
| 18:01 | Encolar | Spearman |
| 18:20 | Construir | Farm |
| 18:26 | Encolar | Archer |
| 18:27 | Encolar | Archer |
| 18:27 | Encolar | Archer |
| 18:51 | Construir | Mining Camp |
| 19:02 | Encolar | Villager (Male) |
| 19:15 | Encolar | Archer |
| 19:31 | Encolar | Spearman |
| 19:32 | Encolar | Spearman |
| 20:21 | Construir | Market |
| 20:26 | Encolar | Spearman |
| 20:27 | Encolar | Villager (Male) |
| 20:37 | Encolar | Archer |
| 20:39 | Investigar | Fletching |
| 20:46 | Investigar | Gold Mining |
| 20:58 | Encolar | Archer |
| 21:14 | Investigar | Castle Age |
| 21:14 | Investigar | Castle Age |
| 21:15 | Investigar | Castle Age |
| 21:15 | Investigar | Castle Age |
| 21:31 | Construir | Archery Range |
| 21:49 | Encolar | Spearman |
| 21:49 | Encolar | Spearman |
| 22:01 | Encolar | Spearman |
| 22:03 | Encolar | Archer |
| 22:03 | Encolar | Archer |
| 22:12 | Encolar | Spearman |
| 22:13 | Encolar | Spearman |
| 22:18 | Encolar | Militia |
| 22:18 | Encolar | Militia |
| 22:18 | Encolar | Militia |
| 22:19 | Encolar | Skirmisher |
| 22:19 | Encolar | Skirmisher |
| 22:58 | Encolar | Militia |
| 22:58 | Encolar | Militia |
| 23:25 | Encolar | Spearman |
| 23:39 | Construir | Barracks |
| 23:54 | Edad | Edad de los Castillos |
Build order — Ch1cken
Primeras 150 de 188 acciones detectadas
| 0:01 | Encolar | Villager (Male) |
| 0:01 | Encolar | Villager (Male) |
| 0:02 | Encolar | Villager (Male) |
| 0:02 | Encolar | Villager (Male) |
| 0:02 | Encolar | Villager (Male) |
| 0:04 | Construir | House |
| 0:05 | Construir | House |
| 1:32 | Encolar | Villager (Male) |
| 1:58 | Construir | Mill |
| 1:59 | Encolar | Villager (Male) |
| 2:26 | Encolar | Villager (Male) |
| 2:27 | Encolar | Villager (Male) |
| 2:47 | Encolar | Villager (Male) |
| 2:47 | Encolar | Villager (Male) |
| 3:26 | Encolar | Villager (Male) |
| 3:26 | Encolar | Villager (Male) |
| 3:49 | Encolar | Villager (Male) |
| 3:50 | Encolar | Villager (Male) |
| 4:13 | Encolar | Villager (Male) |
| 4:23 | Construir | Lumber Camp |
| 4:51 | Encolar | Villager (Male) |
| 5:30 | Encolar | Villager (Male) |
| 5:30 | Encolar | Villager (Male) |
| 5:31 | Encolar | Villager (Male) |
| 5:31 | Encolar | Villager (Male) |
| 5:47 | Investigar | Loom |
| 6:54 | Investigar | Feudal Age |
| 8:05 | Construir | Palisade Gate |
| 8:19 | Encolar | Villager (Male) |
| 8:49 | Construir | Barracks |
| 9:04 | Edad | Edad Feudal |
| 9:08 | Encolar | Villager (Male) |
| 9:42 | Construir | House |
| 9:46 | Investigar | Town Watch |
| 9:51 | Investigar | Double-Bit Axe |
| 10:05 | Construir | Stable |
| 10:10 | Construir | House |
| 10:14 | Construir | House |
| 10:18 | Encolar | Villager (Male) |
| 10:26 | Encolar | Villager (Male) |
| 10:34 | Investigar | Horse Collar |
| 10:36 | Construir | Farm |
| 10:37 | Construir | Farm |
| 10:45 | Encolar | Scout Cavalry |
| 10:45 | Encolar | Scout Cavalry |
| 10:55 | Construir | House |
| 11:01 | Construir | Palisade Wall |
| 11:02 | Construir | Palisade Wall |
| 11:09 | Construir | Mill |
| 11:17 | Encolar | Villager (Male) |
| 11:25 | Encolar | Scout Cavalry |
| 11:49 | Encolar | Villager (Male) |
| 12:06 | Construir | Palisade Wall |
| 12:11 | Encolar | Villager (Male) |
| 12:14 | Construir | Farm |
| 12:14 | Construir | Farm |
| 12:17 | Construir | Farm |
| 12:19 | Construir | Farm |
| 12:30 | Encolar | Villager (Male) |
| 12:51 | Construir | Mining Camp |
| 12:55 | Encolar | Scout Cavalry |
| 13:05 | Encolar | Villager (Male) |
| 13:19 | Encolar | Villager (Male) |
| 13:28 | Construir | Farm |
| 13:31 | Encolar | Villager (Male) |
| 13:34 | Construir | Farm |
| 13:41 | Encolar | Villager (Male) |
| 14:03 | Encolar | Scout Cavalry |
| 14:21 | Encolar | Villager (Male) |
| 14:33 | Encolar | Scout Cavalry |
| 14:35 | Encolar | Villager (Male) |
| 14:57 | Encolar | Scout Cavalry |
| 15:04 | Construir | Mill |
| 15:04 | Construir | Farm |
| 15:05 | Construir | Farm |
| 15:05 | Construir | Farm |
| 15:06 | Construir | Farm |
| 15:07 | Construir | Farm |
| 15:12 | Encolar | Villager (Male) |
| 15:28 | Encolar | Villager (Male) |
| 15:28 | Encolar | Villager (Male) |
| 15:35 | Encolar | Scout Cavalry |
| 15:45 | Investigar | Bloodlines |
| 15:57 | Construir | Farm |
| 16:01 | Construir | Farm |
| 16:02 | Encolar | Villager (Male) |
| 16:30 | Encolar | Villager (Male) |
| 16:31 | Encolar | Villager (Male) |
| 16:43 | Encolar | Villager (Male) |
| 16:52 | Encolar | Scout Cavalry |
| 16:52 | Encolar | Scout Cavalry |
| 17:20 | Encolar | Scout Cavalry |
| 17:39 | Encolar | Villager (Male) |
| 17:46 | Construir | Farm |
| 17:47 | Construir | Farm |
| 17:49 | Encolar | Villager (Male) |
| 17:49 | Encolar | Villager (Male) |
| 18:06 | Encolar | Scout Cavalry |
| 18:07 | Encolar | Villager (Male) |
| 18:10 | Construir | Palisade Gate |
| 18:20 | Construir | Blacksmith |
| 18:26 | Construir | Farm |
| 18:45 | Investigar | Wheelbarrow |
| 18:49 | Construir | House |
| 19:34 | Investigar | Forging |
| 19:35 | Encolar | Villager (Male) |
| 19:47 | Construir | Watch Tower |
| 19:57 | Encolar | Scout Cavalry |
| 19:57 | Encolar | Scout Cavalry |
| 20:06 | Construir | Stable |
| 20:13 | Encolar | Villager (Male) |
| 20:13 | Encolar | Villager (Male) |
| 20:15 | Construir | Farm |
| 20:16 | Construir | Farm |
| 20:23 | Construir | House |
| 20:30 | Investigar | Scale Barding Armor |
| 20:31 | Encolar | Scout Cavalry |
| 20:32 | Encolar | Scout Cavalry |
| 20:51 | Construir | Watch Tower |
| 20:59 | Encolar | Villager (Male) |
| 21:00 | Encolar | Scout Cavalry |
| 21:00 | Encolar | Scout Cavalry |
| 21:08 | Construir | House |
| 21:16 | Construir | Mining Camp |
| 21:24 | Encolar | Villager (Male) |
| 21:24 | Encolar | Villager (Male) |
| 21:29 | Encolar | Scout Cavalry |
| 21:29 | Encolar | Scout Cavalry |
| 21:47 | Encolar | Scout Cavalry |
| 21:47 | Encolar | Scout Cavalry |
| 21:47 | Encolar | Scout Cavalry |
| 21:59 | Encolar | Scout Cavalry |
| 21:59 | Encolar | Scout Cavalry |
| 22:20 | Construir | Stable |
| 22:27 | Encolar | Scout Cavalry |
| 22:27 | Encolar | Scout Cavalry |
| 22:35 | Construir | Mill |
| 22:36 | Construir | Farm |
| 22:37 | Construir | Farm |
| 22:37 | Construir | Farm |
| 22:47 | Encolar | Villager (Male) |
| 22:47 | Encolar | Villager (Male) |
| 22:59 | Encolar | Scout Cavalry |
| 22:59 | Encolar | Scout Cavalry |
| 22:59 | Encolar | Scout Cavalry |
| 23:36 | Construir | Watch Tower |
| 23:40 | Encolar | Villager (Male) |
| 23:40 | Encolar | Villager (Male) |
| 23:41 | Encolar | Scout Cavalry |
| 23:41 | Encolar | Scout Cavalry |
Cronología de la partida
| 7:22 | lex · wall_segment Palisade Wall x1 |
| 7:33 | lex · wall_segment Palisade Wall x1 |
| 8:24 | lex · wall_segment Palisade Wall x6 |
| 8:31 | lex · wall_segment Palisade Wall x4 |
| 8:47 | lex · first_building Barracks |
| 8:49 | Ch1cken · first_building Barracks |
| 9:04 | Ch1cken · age_up feudal |
| 9:26 | lex · wall_segment Palisade Wall x6 |
| 10:05 | Ch1cken · first_building Stable |
| 10:19 | lex · age_up feudal |
| 10:57 | lex · wall_segment Palisade Wall x1 |
| 11:01 | Ch1cken · wall_segment Palisade Wall x4 |
| 11:02 | Ch1cken · wall_segment Palisade Wall x1 |
| 11:04 | lex · wall_segment Palisade Wall x1 |
| 11:24 | lex · first_building Archery Range |
| 12:06 | Ch1cken · wall_segment Palisade Wall x2 |
| 21:11 | lex · first_market_buy 100 food |
| 23:54 | lex · age_up castle |
| 26:05 | lex · first_building Castle |
| 27:10 | Ch1cken · age_up castle |
| 27:52 | lex · resign |
[ ANÁLISIS IA · 1 CRÉDITO ]
¿Qué pasó realmente en esta partida?
Wolo.gg analiza cada decisión: build order, eco, micro, errores típicos por bracket. Análisis personalizado por WhatsApp o Discord en 30 segundos.
Guía civ
Eslavos
Perfil
Jugador #21604361